 Dungeon Crawl Stone Soup version 0.31-a0-844-gdc52ec4e09 (webtiles) character file.

Game seed: 11975275512604161647

874 Bnni the Digger (level 8, 0/58 HPs)
             Began as a Formicid Earth Elementalist on Sept 26, 2023.
             Slain by an iguana (11 damage)
             ... on level 5 of the Dungeon on Sept 28, 2023.
             The game lasted 00:12:53 (5316 turns).

Bnni the Digger (Formicid Earth Elementalist)       Turns: 5316, Time: 00:12:53

Health: 0/58       AC:  5    Str: 13    XL:     8   Next: 24%
Magic:  0/14       EV: 12    Int: 20    God:
Gold:   187        SH:  5    Dex: 20    Spells: 1/15 levels left

rFire   . . .        B - +5 hand axe "Kak Qapte" {elec, Fragile rPois rN+ Int+3}
rCold   . . .        (no shield)
rNeg    + . .        a - +0 robe
rPois   +            (helmet unavailable)
rElec   .            (no cloak)
rCorr   +            o - +1 pair of gloves
SInv    +            z - +0 pair of boots
Will    .....        l - amulet of reflection
Stlth   ++           v - ring of resist corrosion
HPRegen 0.29/turn    s - +6 ring of dexterity
MPRegen 0.14/turn

%: reflection
@: no status effects
A: permanent stasis, dig shafts and tunnels, antennae 3, four strong arms
a: Dig, Shaft Self


You were on level 5 of the Dungeon.
You visited 1 branch of the dungeon, and saw 5 of its levels.

You collected 352 gold pieces.
You spent 165 gold pieces at shops.

Inventory:

Hand Weapons
 B - the +5 hand axe "Kak Qapte" (weapon) {elec, Fragile rPois rN+ Int+3}
   (You found it on level 4 of the Dungeon)

   Int+3:     It affects your intelligence (+3).
   rPois:     It protects you from poison rN+: It protects you from negative
   energy.
   Fragile:   It will be destroyed if unequipped.
Armour
 a - a +0 robe (worn)
 m - a +0 plate armour
 o - a +1 pair of gloves (worn)
 p - a +0 ring mail
 z - a +0 pair of boots (worn)
Jewellery
 f - a ring of flight
 l - an amulet of reflection (around neck)
 s - a +6 ring of dexterity (right hand)
 v - a ring of resist corrosion (left hand)
 w - a ring of fire
 y - a ring of fire
Scrolls
 h - a scroll of noise {unknown}
 j - a scroll of fear {unknown}
 k - 2 scrolls of identify {unknown}
 q - a scroll of enchant weapon {unknown}
 t - a scroll of silence {unknown}
 x - a scroll of immolation {unknown}
 A - a scroll of fog {unknown}
 D - a scroll of teleportation {unknown}
Potions
 b - a potion of magic
 c - a potion of degeneration {unknown}
 e - a potion of ambrosia {unknown}
 g - a potion of haste {unknown}
 i - a potion of heal wounds {unknown}
 n - a potion of might {unknown}
 r - 2 potions of lignification {unknown}
 u - a potion of invisibility {unknown}


   Skills:
 + Level 3.5 Fighting
 - Level 1.7 Dodging
 - Level 2.4 Stealth
 + Level 4.0 Spellcasting
 * Level 4.5 Conjurations
 - Level 1.1 Transmutations
 * Level 7.1 Earth Magic


You had one spell level left.
You knew the following spells:

 Your Spells              Type           Power      Damage    Failure   Level
a - Sandblast             Erth           64%        2d14      1%          1
b - Passwall              Tmut/Erth      16%        N/A       3%          2
c - Stone Arrow           Conj/Erth      54%        3d10      3%          3
d - Brom's Barrelling Bo  Conj/Erth      27%        2d5       12%         4
e - Petrify               Tmut/Erth      20%        N/A       24%         4

Your spell library contained the following spells:

 Spells                   Type           Power      Damage    Failure   Level
 Magic Dart               Conj           88%        1d7       1%          1
 Sting                    Tmut/Pois      24%        1d4       11%         1
 Apportation              Tloc           8%         N/A       13%         1
 Necrotise                Necr           16%        1d4       13%         1
 Summon Small Mammal      Summ           16%        N/A       13%         1
 Call Imp                 Summ           8%         N/A       19%         2
 Poisonous Vapours        Pois/Air       8%         N/A       19%         2
 Mephitic Cloud           Conj/Pois/Air  10%        N/A       21%         3
 Ozocubu's Armour         Ice            4%         N/A       36%         3
 Olgreb's Toxic Radiance  Pois           4%         N/A       77%         4
 Freezing Cloud           Conj/Ice/Air   5%         6-21      88%         5
 Metabolic Englaciation   Hex/Ice        2%         N/A       98%         5
 Simulacrum               Ice/Necr       2%         N/A       100%        6


Dungeon Overview and Level Annotations

Branches:
Dungeon (5/15)
 Temple: D:4-7

Altars:
Sif Muna
Yredelemnul

Shops:
D:1 [[(:!   D:4 (   D:5 (


Innate Abilities, Weirdness & Mutations

You cannot be hasted, slowed, berserked, paralysed or teleported.
You can dig through walls and to a lower floor.
You have a pair of large antennae on your head. (SInv)
Your four strong arms can wield two-handed weapons with a shield.


Message History

You punch the two-headed ogre, but do no damage.
The two-headed ogre is almost dead.
The two-headed ogre struggles against the net.
The net rips apart, and the two-headed ogre comes free!
The two-headed ogre closely misses you. You block the two-headed ogre's attack.
Aiming: Sandblast (safe; 1% risk of failure)
Press: ? - help, Q - select action, (/) - cycle Shift-Dir - straight line, f/p - two-headed ogre
Aim: a two-headed ogre, wielding a +0 giant club and a +0 giant spiked club (almost dead, 92% to hit)
The blast of sand hits the two-headed ogre but does no damage.
The two-headed ogre is almost dead.
The two-headed ogre hits you with a +0 giant club!
You block the two-headed ogre's attack.
You barely miss the two-headed ogre.
The two-headed ogre is almost dead.
You barely miss the two-headed ogre.
The two-headed ogre is almost dead.
The two-headed ogre hits you with a +0 giant club.
The two-headed ogre hits you with a +0 giant spiked club!!
Unknown command.
Aiming: Sandblast (safe; 1% risk of failure)
Press: ? - help, Q - select action, (/) - cycle Shift-Dir - straight line, f/p - two-headed ogre
Aim: a two-headed ogre, wielding a +0 giant club and a +0 giant spiked club (almost dead, 92% to hit)
The blast of sand hits the two-headed ogre.
The two-headed ogre is almost dead.
You block the two-headed ogre's attack. The two-headed ogre barely misses you.
The iguana bites you but does no damage.
The iguana bites you!
* * * LOW HITPOINT WARNING * * *
Unknown command.
You barely miss the two-headed ogre.
The two-headed ogre is almost dead.
You hit the iguana. The two-headed ogre closely misses you.
The two-headed ogre hits you but does no damage.
The iguana bites you.
* * * LOW HITPOINT WARNING * * *
Unknown command.
You slash the two-headed ogre!
You kill the two-headed ogre!
You hit the iguana. The iguana bites you!
You die...

...##......# ....##..#
........##.# ##.......##.
##<#..# #...#........
..#.....###...#........
#.#.#.#.#.#.#.#.........
.......................#
#.#.#.#)#.#.#.##........
................##.......
#.#.#.#.#@#.#.#.#...#.....
.........l)..........#.....
.#.#.#.#.#.#.#.#.#.......#
..>............##.....##
#.#.#.#.#.#.#.##........
...............#.....#..
#.#.#.#.#.#.#.#.........
........#....###.....##.
.......(....##.......#


You could see an iguana.

Vanquished Creatures
  A two-headed ogre (D:5)
  An ice beast (D:5)
  A phantom (D:5)
  4 scorpions
  The ghost of Ratslayer the Magician, a weakling DjFE (D:4)
  The ghost of Darguel the Sneak, a weakling KoEn (D:3)
  2 quasits (D:4)
  A hound (D:5)
  An iguana (D:4)
  2 orc wizards (D:4)
  A scorpion simulacrum (D:3)
  A hound zombie (D:3)
  5 gnolls
  6 adders
  A hound simulacrum (D:3)
  A white imp (D:3)
  2 worms (D:3)
  3 dart slugs
  2 adder simulacra (D:3)
  2 orcs (D:4)
  4 ball pythons
  4 bats
  10 endoplasms
  2 giant cockroaches
  8 hobgoblins
  5 jackals (D:1)
  5 kobolds
  4 quokkas
  4 frilled lizards
  4 goblins
  A quokka zombie (D:3)
  8 rats
98 creatures vanquished.

Vanquished Creatures (collateral kills)
  A boulder (D:5)
1 creature vanquished.

Vanquished Creatures (others)
  2 boulders (D:5)
2 creatures vanquished.

Grand Total: 101 creatures vanquished

Notes
Turn   | Place    | Note
-------+----------+-------------------------------------------
     0 | D:1      | Bnni the Formicid Earth Elementalist began the quest for
                  | the Orb.
     0 | D:1      | Reached XP level 1. HP: 13/13 MP: 3/3
    68 | D:1      | Found Onaazuz's Distillery.
    70 | D:1      | Found Vaer's Book Boutique.
   149 | D:1      | Found Pineod's Antique Armour Shoppe.
   170 | D:1      | Reached XP level 2. HP: 18/20 MP: 1/5
   244 | D:1      | Reached skill level 4 in Earth Magic
   276 | D:1      | Upgraded the game from 0.31-a0-835-g2a3a5bc3be to
                  | 0.31-a0-844-gdc52ec4e09
   279 | D:1      | Learned a level 2 spell: Passwall
   328 | D:1      | Found Ettiuri's Antique Weapon Shoppe.
   388 | D:1      | Reached skill level 1 in Conjurations
   469 | D:1      | Reached XP level 3. HP: 25/25 MP: 4/6
   890 | D:1      | Found Usebb's Armour Emporium.
  1243 | D:1      | Learned a level 3 spell: Stone Arrow
  1252 | D:2      | Reached skill level 1 in Fighting
  1323 | D:2      | Reached XP level 4. HP: 30/32 MP: 3/7
  1909 | D:2      | Reached XP level 5. HP: 37/37 MP: 5/9
  2384 | D:1      | Bought a pair of runed gloves for 165 gold pieces
  2542 | D:3      | Reached skill level 5 in Earth Magic
  2761 | D:3      | Noticed Darguel's ghost (weakling KoEn)
  2783 | D:3      | Found a runed translucent gate.
  2783 | D:3      | Found a runed translucent gate.
  2783 | D:3      | Found a runed translucent gate.
  2832 | D:3      | Found a basalt altar of Yredelemnul.
  3104 | D:3      | Killed Darguel's ghost
  3105 | D:3      | Reached XP level 6. HP: 44/44 MP: 6/10
  3226 | D:3      | Learned a level 4 spell: Brom's Barrelling Boulder
  3336 | D:4      | Found a transporter.
  3470 | D:4      | Found a transporter.
  3489 | D:4      | Found Gosmub's Weapon Emporium.
  3688 | D:4      | Found a shimmering blue altar of Sif Muna.
  3756 | D:4      | Identified the +5 hand axe "Kak Qapte" {elec, Fragile rPois
                  | rN+ Int+3}
  3770 | D:4      | Reached XP level 7. HP: 46/51 MP: 7/11
  3912 | D:4      | Reached skill level 6 in Earth Magic
  4108 | D:4      | Noticed Ratslayer's ghost (weakling DjFE)
  4718 | D:4      | Killed Ratslayer's ghost
  4820 | D:5      | Entered Level 5 of the Dungeon
  4977 | D:5      | Reached XP level 8. HP: 58/58 MP: 3/13
  5055 | D:5      | Learned a level 4 spell: Petrify
  5125 | D:5      | Reached skill level 7 in Earth Magic
  5250 | D:5      | Noticed a two-headed ogre
  5282 | D:5      | Found Vimeb's Antique Weapon Emporium.
  5316 | D:5      | Killed a two-headed ogre
  5316 | D:5      | Slain by an iguana

Illustrated notes

Levels and vault maps discovered:
D:1:      minmay_arrival_up_and_down, layout_basic, serial_shops, shop, shop,
          shop, shop, shop
D:2:      layout_loops_ring, minmay_octomino_c4
D:3:      layout_rooms, lemuel_zombie_altar_yredelemnul, gammafunk_ghost_icy,
          chequers_serial_rivers_large_b
D:4:      layout_layer_cave, led_sif_book, gammafunk_ghost_stat_death,
          serial_shops, nicolae_diamond_shop
D:5:      layout_cave_pools, serial_shops, nicolae_take_the_stairs, st_stairs_11

Skill      XL: |  1  2  3  4  5  6  7  8 |
---------------+-------------------------+-----
Earth Magic    | 4 5 6 7 |  7.1
Conjurations   | 1 2 3 4 |  4.5
Fighting       | 1 2 3 |  3.5
Spellcasting   | 3 4 |  4.0
Dodging        | |  1.7
Stealth        | |  2.4
Transmutations | |  1.1

Action                     |  1- 3 |  4- 6 |  7- 9 || total
---------------------------+-------+-------+-------++-------
  Melee: Short sword       |     9 |     6 |       ||    15
         Flail             |       |     7 |       ||     7
         Hand axe          |       |       |     7 ||     7
         Punch             |       |       |     1 ||     1
  Throw: Dart              |       |       |     3 ||     3
         Throwing net      |       |       |     1 ||     1
   Cast: Sandblast         |    40 |    84 |    42 ||   166
         Brom's Barrelling |       |       |     5 ||     5
 Armour: Robe              |    10 |    23 |    35 ||    68
  Dodge: Dodged            |    11 |    27 |    29 ||    67
  Block: Other             |       |     8 |    19 ||    27

Table legend: (Time is in decaauts)
 A = Elapsed time spent in this place.
 B = Non-inter-level travel time spent in this place.
 C = Inter-level travel time spent in this place.
 D = Time resting spent in this place.
 E = Time spent auto-exploring this place.
 F = Levels seen in this place.
 G = Mean time per level.
                   A        B        C        D        E       F      G
               +--------+--------+--------+--------+--------+-----+--------+
         Total |   5403 |   5079 |    324 |    426 |   3876 |   5 | 1080.6 |
       Dungeon |   5403 |   5079 |    324 |    426 |   3876 |   5 | 1080.6 |
               +--------+--------+--------+--------+--------+-----+--------+

Top non-repeatable levels by time:
     D:4: 1753 daAuts
     D:1: 1365 daAuts
     D:2: 1067 daAuts
     D:3: 848 daAuts
     D:5: 368 daAuts
